 Dungeon Crawl Stone Soup version 0.27-a0-67-g4bfc8a49e1 (webtiles) character file.

Game seed: 9604790210090632090

112 Borgoz the Ruffian (level 4, -1/37 HPs)
             Began as a Ghoul Gladiator on Jan 9, 2021.
             Slain by an orc priest
             ... wielding a +0 whip
              (2 damage)
             ... on level 4 of the Dungeon.
             The game lasted 00:03:00 (2359 turns).

Borgoz the Ruffian (Ghoul Gladiator)                Turns: 2359, Time: 00:03:00

Health: -1/37      AC:  8    Str: 17    XL:     4   Next: 95%
Magic:  3/3        EV: 12    Int:  4    God:
Gold:   282        SH:  0    Dex: 10    Spells: 3/3 levels left

rFire    . . .     SeeInvis .     - Unarmed
rCold    + . .     Faith    .   (no shield)
rNeg     + + +     Spirit   .   g - +0 ring mail
rPois    ∞         Reflect  .   b - +0 helmet
rElec    .         Harm     .   (no cloak)
rCorr    .         Rampage  .   (no gloves)
Will     .....     Rnd*Tele +   l - +1 pair of boots
Stlth    ..........             (no amulet)
HPRegen  0.00/turn              q - ring of teleportation (curse)
MPRegen  0.08/turn              (no ring)

@: flying
A: claws 1, cold resistance 1, negative energy resistance 3, inhibited
regeneration, torment resistance, unbreathing
a: no special abilities


You were on level 4 of the Dungeon.
You visited 1 branch of the dungeon, and saw 4 of its levels.

You collected 282 gold pieces.

Inventory:

Missiles
 c - 3 throwing nets (quivered)
Armour
 b - a +0 helmet (worn)
 g - a +0 ring mail (worn)
 l - a +1 pair of boots (worn)
Jewellery
 q - a cursed ring of teleportation (left claw)
Scrolls
 f - 2 scrolls of teleportation
Potions
 a - a potion of magic
 e - a potion of ambrosia
 h - a potion of invisibility {unknown}
 o - a potion of haste


   Skills:
 + Level 2.8 Fighting
 - Level 1.7 Throwing
 + Level 1.3 Armour
 * Level 3.6 Dodging
 * Level 4.3 Unarmed Combat


You had 3 spell levels left.
You didn't know any spells.
Your spell library was empty.

Dungeon Overview and Level Annotations

Branches:
Dungeon (4/15)
 Temple: D:4-7

Altars:
Okawaru


Innate Abilities, Weirdness & Mutations

You thrive by killing the living.
You are immune to poison.
You have sharp fingernails.
Your flesh is cold resistant. (rC+)
You are immune to negative energy. (rN+++)
You do not regenerate when monsters are visible.
You are immune to unholy pain and torment.
You can survive without breathing.


Message History

The orc wizard closely misses you.
You closely miss the orc priest.
The orc priest is lightly wounded.
The orc barely misses you. The quokka misses you.
The orc hits you but does no damage.
The orc wizard hits you but does no damage.
You scratch the orc priest.
The orc priest is moderately wounded.
The quokka barely misses you. The orc priest hits you with a +0 whip!
* * * LOW HITPOINT WARNING * * *
The orc wizard hits you with a +0 dagger.
* * * LOW HITPOINT WARNING * * *
The orc closely misses you. x2
It was a potion of flight.
You feel very buoyant.
You fly up into the air.
The quokka bites you but does no damage.
The orc wizard hits you but does no damage. x2
The orc priest hits you with a +0 whip.
You die...

##########
........#
##.....#.#
####........#
...........#
#.ooo....#
#o@r..#
##.o.## ##.##
#.# #.# #.#
#.. ###


You could see an orc priest, 2 orc wizards, 2 orcs and a quokka.

Vanquished Creatures
  4 adders
  2 worms
  A dart slug (D:1)
  3 leopard geckos
  6 bats
  2 giant cockroaches
  14 goblins
  4 hobgoblins
  6 kobolds
  5 quokkas
  4 frilled lizards
  14 rats
65 creatures vanquished.

Notes
Turn   | Place    | Note
-------+----------+-------------------------------------------
     0 | D:1      | Borgoz the Ghoul Gladiator began the quest for the Orb.
     0 | D:1      | Reached XP level 1. HP: 17/17 MP: 0/0
   165 | D:1      | Reached XP level 2. HP: 24/24 MP: 1/1
   901 | D:2      | Reached XP level 3. HP: 30/30 MP: 2/2
  1025 | D:2      | Reached skill level 1 in Armour
  1121 | D:2      | Reached skill level 4 in Unarmed Combat
  1160 | D:2      | Found an iron altar of Okawaru.
  1186 | D:2      | Reached XP level 4. HP: 37/37 MP: 3/3
  2358 | D:4      | HP: 1/37 [orc wizard/+0 dagger (1)]
  2359 | D:4      | Slain by an orc priest

Illustrated notes

Levels and vault maps discovered:
D:1:      dpeg_arrival_three_bigger_balls, layout_basic,
          chequers_serial_rivers_small_b, minmay_misc_feat_tiny
D:2:      layout_basic, lemuel_doored_altar, serial_glass, glass_columns_b,
          glass_columns_a, feat_on_display, item_on_display_a,
          item_on_display_a, minmay_misc_feat_x, chequers_garden
D:3:      kennysheep_the_goblin_king, layout_basic
D:4:      kennysheep_six_static_rooms, layout_loops_ring, minivault_14

Skill      XL: |  1  2  3 |
---------------+----------+-----
Dodging        | 3 |  3.6
Armour         | 1 |  1.3
Unarmed Combat | 4 |  4.3
Fighting       | |  2.8
Throwing       | |  1.7

Action                   |  1- 3 |  4- 6 || total
-------------------------+-------+-------++-------
Melee: Unarmed           |   100 |   104 ||   204
       Punch             |     2 |     2 ||     4
  Use: Scroll            |       |    10 ||    10
       Potion            |       |     1 ||     1
Armor: Leather armour    |     5 |       ||     5
       Ring mail         |    32 |    44 ||    76
Dodge: Dodged            |    80 |    97 ||   177

Table legend: (Time is in decaauts)
 A = Elapsed time spent in this place.
 B = Non-inter-level travel time spent in this place.
 C = Inter-level travel time spent in this place.
 D = Time resting spent in this place.
 E = Time spent auto-exploring this place.
 F = Levels seen in this place.
 G = Mean time per level.
                   A        B        C        D        E       F      G
               +--------+--------+--------+--------+--------+-----+--------+
         Total |   2342 |   2263 |     79 |     82 |   1740 |   4 |  585.5 |
       Dungeon |   2342 |   2263 |     79 |     82 |   1740 |   4 |  585.5 |
               +--------+--------+--------+--------+--------+-----+--------+

Top non-repeatable levels by time:
     D:1: 870 daAuts
     D:3: 722 daAuts
     D:2: 649 daAuts
     D:4: 100 daAuts
